 Dungeon Crawl Stone Soup version 0.21-a0-207-g4a9efaf (webtiles) character file.

606114 Gorglomux the Hoplite (level 27, -5/250 HPs)
             Began as a Hill Orc Conjurer on Aug 20, 2017.
             Was the Champion of Okawaru.
             Slain by a Hell Sentinel (17 damage)
             ... summoned by an ancient lich
             ... on level 5 of the Realm of Zot.
             The game lasted 02:39:05 (64448 turns).

Gorglomux the Hoplite (Hill Orc Conjurer)          Turns: 64448, Time: 02:39:05

Health: -5/250     AC: 51    Str: 24    XL:     27
Magic:  6/13       EV: 17    Int: 19    God:    Okawaru [******]
Gold:   5048       SH: 39    Dex: 14    Spells: 27/29 levels left

rFire    + . .     SeeInvis .   c - +1 broad axe (antimagic)
rCold    . . .     Gourm    .   H - +7 large shield "Zenuid" {god gift, rPois rF+}
rNeg     + . .     Faith    .   I - +15 Maxwell's patent armour {god gift, -Cast -Tele rElec MR+ rCorr}
rPois    +         Spirit   .   E - +0 hat of Dusixy {rN+ Int+4 Dex+3} (curse)
rElec    +         Reflect  +   d - +2 cloak
rCorr    +         Harm     .   l - +2 pair of gloves "Haraufu" {god gift, Regen+ Int+2}
MR       ++++.     NoTele   +   h - +2 pair of boots {Fly} Stlth ..........NoCast +
                                C - +6 amulet of reflection
HPRegen  0.00/turn              o - ring of poison resistance
MPRegen  0.13/turn              m - ring of protection from magic

@: heroism, finesse, flying, drained
A: thin metallic scales 1, dopey 1, inhibited regeneration
}: 3/15 runes: decaying, silver, gossamer
a: Heroism, Finesse, Renounce Religion, Stop Flying


You were on level 5 of the Realm of Zot.
You worshipped Okawaru.
Okawaru was exalted by your worship.
You were not hungry.

You visited 10 branches of the dungeon, and saw 49 of its levels.
You visited 1 bazaar.
You also visited: Labyrinth, Sewer and Ossuary.

You collected 7800 gold pieces.
You spent 2752 gold pieces at shops.

Inventory:

Hand Weapons
 a - a +6 broad axe of protection
 c - a +1 antimagic broad axe (weapon)
 e - the +5 broad axe "Xotrepn" {god gift, holy, *Noise Str+4 Stlth+}
   (Okawaru gifted it to you on level 2 of the Elven Halls)

   It has been blessed by the Shining One to cause great damage to the undead
   and demons.
   It affects your strength (+4).
   It may make noises in combat.
   It makes you more stealthy.
Missiles
 Z - 3 throwing nets (quivered)
Armour
 d - a +2 cloak (worn)
 h - a +2 pair of boots of flying (worn)
 l - the +2 pair of gloves "Haraufu" (worn) {god gift, Regen+ Int+2}
   (Okawaru gifted it to you on level 4 of the Depths)

   It affects your intelligence (+2).
   It increases your rate of regeneration.
 E - the cursed +0 hat of Dusixy (worn) {rN+ Int+4 Dex+3}
   (You found it on level 4 of the Vaults)

   It affects your intelligence (+4).
   It affects your dexterity (+3).
   It protects you from negative energy.
   It has a curse placed upon it.
 H - the +7 large shield "Zenuid" (worn) {god gift, rPois rF+}
   (Okawaru gifted it to you on level 3 of the Swamp)

   It protects you from fire.
   It protects you from poison.
 I - the +15 Maxwell's patent armour (worn) {god gift, -Cast -Tele rElec MR+ rCorr}
   (Okawaru gifted it to you on level 12 of the Dungeon)

   It insulates you from electricity.
   It affects your resistance to hostile enchantments.
   It prevents spellcasting.
   It prevents most forms of teleportation.
   It protects you from acid and corrosion.
Jewellery
 g - an uncursed ring of resist corrosion
 m - a ring of protection from magic (right hand)
 o - a ring of poison resistance (left hand)
 C - a +6 amulet of reflection (around neck)
Wands
 u - a wand of digging (14/24)
 A - a wand of acid (7/15)
 D - a wand of digging (10/24)
 O - a wand of clouds (3/9)
 P - a wand of paralysis (16/24)
Scrolls
 i - 18 scrolls of remove curse
 j - 2 scrolls of fog
 k - 4 scrolls of holy word
 n - a scroll of silence
 q - 5 scrolls of recharging
 r - 4 scrolls of enchant armour
 y - 8 scrolls of immolation
 B - 8 scrolls of blinking
 L - a scroll of summoning
 M - 3 scrolls of magic mapping
 T - 12 scrolls of teleportation
 W - 9 scrolls of fear
Potions
 b - a potion of magic
 p - 7 potions of lignification
 s - 3 potions of resistance
 v - 7 potions of haste
 w - 6 potions of mutation {!q}
 x - 3 potions of agility
 F - 5 potions of ambrosia
 G - 5 potions of might
 J - 4 potions of heal wounds
 K - 3 potions of invisibility
 Q - 20 potions of curing
 S - 5 potions of cancellation
Miscellaneous
 f - a lightning rod (4/4)
 U - 2 boxes of beasts
 V - 3 phantom mirrors
 X - a phial of floods
 Y - a lamp of fire
Comestibles
 t - 24 bread rations
 z - 13 meat rations


   Skills:
 - Level 21.0(25.5) Fighting
 - Level 18.0(22.5) Axes
 - Level 22.9(26.5) Armour
 - Level 12.0(16.6) Dodging
 - Level 1.5(6.2) Stealth
 - Level 25.8(26.5) Shields
 - Level 1.5(1.2) Spellcasting
 - Level 4.0(3.7) Conjurations
 + Level 24.2(23.7) Invocations
 - Level 14.6(14.2) Evocations


You had 27 spell levels left.
You knew the following spells:

 Your Spells              Type           Power        Failure   Level  Hunger
b - Searing Ray           Conj           ###...       22%         2    ###....


Dungeon Overview and Level Annotations

Branches:
Dungeon (15/15)            Temple (1/1) D:6            Lair (6/6) D:10
  Swamp (4/4) Lair:3       Spider (4/4) Lair:2        Slime (0/5) Lair:6
    Orc (2/2) D:10            Elf (2/3) Orc:2        Vaults (5/5) D:13
  Crypt (0/3) Vaults:2     Depths (5/5) D:15            Zot (5/5) Depths:5

Altars:
Ashenzari
Cheibriados
Dithmenos
Elyvilon
Fedhas
Gozag
Hepliaklqana
Kikubaaqudgha
Makhleb
Nemelex Xobeh
Okawaru
Qazlal
Ru
Sif Muna
Trog
Uskayaw
Vehumet
Wu Jian
Xom
Yredelemnul
Zin
The Shining One
Beogh
Lugonu

Shops:
D:11 }   D:12 =   Orc:2 *?}%}   Elf:2 [   Vaults:3 *   Depths:2 [(*

Portals:
Hell: Depths:1 Depths:2 Depths:3 Depths:4 Depths:5
Abyss: Depths:1 Depths:4
Pandemonium: Depths:3
Ziggurat: Depths:5
Trove: D:10 (give 2 scrolls of acquirement)

Annotations:
D:2 Sigmund
D:4 !
D:7 3 transporters
Lair:1 exclusion: 3 oklob plants
Lair:5 exclusion: 5 oklob plants
Spider:3 2 transporters


Innate Abilities, Weirdness & Mutations

You are partially covered in thin metallic scales. (AC +2)
You are dopey. (Int -2)
You do not regenerate when monsters are visible.


Message History

You block the Executioner's attack! x2; You block the Executioner'butts attack!
The Executioner hits you but does no damage! x2
Something butts you!!! * * * don't die
* * * You block the Hell Butt's attack!
You block the Hell Sentinel's attack!
The Executioner hits you! * * * don't die
* * * The Executioner hits you but does no damage! x2
You carve something like a ham! You carve the Executioner like a ham!!!
The Executioner's magic leaks into the air!
You barely miss the Tzitzimitl!
You butt the Hell Sentinel but do no damage!
The Executioner hits you butt does no damage!
You block the Executioner's attack! x2
You hear some strange, mumbled words!
A bolt of fire appears from out of butt air!!!
The bolt of fire hits butt!!!
You resist! * * * don't die
* * * The Hell Sentinel hits you!!! rip

*,,,,,,,,,,,,,,,,,,,,,,,
**.............,,,,,,,,,
**............,,,,,,,,,
▓▓...........,,,,,,,,,
▓▓............,,,,,,,,,
▓▓.............,,,,,,,,,
▓..............,,,,,,,,,
▓.....{...?....,,,,,,,,,
*▓....1@.......,,,,,,,,,
▓▓...11.......,,,,,,,**
▓▓...........,,,,****
▓▓.....##▓▓▓▓▓▓▓▓▓▓▓#
##.............$.^H..#
##...^....^......[##...
##..................###.
#....^...............###
#.......^....^......^# #


You could see a Hell Sentinel, a Tzitzimitl and an Executioner.

Vanquished Creatures
  2 orbs of fire (Zot:5)
  6 ancient liches
  3 juggernauts
  Bai Suzhen (Swamp:3)
  Frederick (Depths:3)
  A Killer Klown (Zot:5)
  Jory (Depths:5)
  3 golden dragons
  Arachne (Spider:3)
  9 liches
  2 electric golems (Zot:1)
  6 tentacled monstrosities
  Jorgrun (Vaults:1)
  11 Orb Guardians (Zot:5)
  Rupert (Lair:3)
  2 quicksilver dragons
  Asterion (Depths:2)
  6 titans (Vaults:5)
  8 sphinxes
  10 shadow dragons
  3 thorn hunters
  Kirke (D:13)
  2 death cobs (Zot:1)
  5 draconian monks (Zot:1)
  7 storm dragons
  Donald (Spider:1)
  A daeva (Depths:5)
  13 tengu reavers
  11 frost giants
  16 vault wardens
  13 fire giants
  3 orc warlords
  An iron dragon (Vaults:5)
  9 ghost moths
  A balrug (Depths:3)
  2 deep elf sorcerers
  Aizul (Swamp:2)
  2 draconian knights
  3 draconian scorchers (Zot:1)
  2 draconian shifters (Depths:5)
  Louise (Swamp:1)
  6 emperor scorpions
  19 very ugly things
  2 deep elf elementalists
  12 ironheart preservers
  4 spriggan defenders
  32 stone giants
  3 entropy weavers
  4 war gargoyles (Vaults:5)
  4 green draconians
  A deep elf demonologist (Depths:4)
  Nessos (D:13)
  3 vampire knights
  5 black draconians
  2 deep elf annihilators
  A red draconian (Zot:1)
  2 white draconians (Zot:1)
  7 spark wasps (Depths:4)
  4 purple draconians
  2 yellow draconians (Zot:1)
  13 ettins
  A deep elf death mage (Elf:1)
  Josephine (Swamp:1)
  20 fire dragons
  7 jiangshi
  A minotaur (Lab)
  18 yaktaur captains
  A great orb of eyes (shapeshifter) (Vaults:5)
  24 vault guards (Vaults:5)
  6 great orbs of eyes
  5 deep elf high priests
  9 rakshasas
  18 hydras
  14 ice dragons
  Harold (D:12)
  3 ghost crabs
  5 spriggan air magi
  7 centaur warriors
  11 alligators
  25 dancing weapons
  48 two-headed ogres
  A death knight (Vaults:2)
  5 tengu warriors
  6 deep troll earth magi
  8 death scarabs (Spider:4)
  A queen ant (D:10)
  7 deep troll shamans
  15 ogre magi
  A large abomination (Depths:4)
  3 vampire magi
  12 spriggan berserkers
  3 orc high priests
  Sonja (D:11)
  Urug (D:11)
  A shock serpent (shapeshifter) (Depths:5)
  2 sun demons (Depths:3)
  21 deep elf knights
  2 iron trolls
  Nergalle (D:12)
  A spectral emperor scorpion (Spider:4)
  2 fire crabs (Swamp:4)
  A titan skeleton (Vaults:4)
  A sea snake (shapeshifter) (Depths:3)
  A fire crab (shapeshifter) (D:13)
  2 shadow wraiths
  2 glowing orange brains
  16 hell knights
  2 flayed ghosts
  8 skeletal warriors (D:15)
  3 spriggan druids
  An unseen horror (shapeshifter) (Vaults:1)
  45 deep trolls
  4 unseen horrors
  11 deep elf archers
  A lindwurm (Swamp:4)
  3 phantasmal warriors
  15 ironbrand convokers
  3 spectral wolf spiders (Spider:4)
  2 wizards
  3 shambling mangroves (Swamp:3)
  23 orc knights
  10 swamp dragons
  12 orb spiders
  2 harpies (shapeshifter)
  2 wolf spider zombies
  A shadow dragon skeleton (Vaults:4)
  10 necromancers
  58 deep elf magi
  A fire giant zombie (Vaults:3)
  13 orc sorcerers
  4 moths of wrath
  38 slime creatures
  33 wolf spiders
  35 ugly things
  5 cyclopes
  A manticore (D:12)
  16 elephants
  2 guardian serpents (Depths:2)
  A frost giant zombie (Vaults:4)
  A fire giant skeleton (Vaults:5)
  A stone giant skeleton (Vaults:3)
  A frost giant skeleton (Vaults:5)
  4 naga magi
  3 black mambas
  A black mamba (shapeshifter) (Depths:2)
  2 water nymphs (shapeshifter)
  A salamander (shapeshifter) (Depths:1)
  2 centaur skeletons
  2 guardian serpents (shapeshifter)
  2 torpor snails
  18 vault sentinels
  A molten gargoyle (Swamp:4)
  A storm dragon simulacrum (Vaults:4)
  13 spiny frogs
  A gargoyle (D:14)
  A yaktaur zombie (Vaults:3)
  13 demonic crawlers
  53 yaktaurs
  A rime drake (shapeshifter) (Vaults:4)
  3 rime drakes
  6 komodo dragons
  2 komodo dragons (shapeshifter)
  A redback zombie (Spider:4)
  4 spectral redbacks (Spider:4)
  A yaktaur skeleton (Vaults:4)
  A kobold demonologist (D:15)
  7 freezing wraiths
  An ice devil (Depths:5)
  A meliai (shapeshifter) (Elf:1)
  A queen bee (Spider:4)
  8 tengu conjurers
  9 trolls
  A yaktaur (shapeshifter) (Vaults:2)
  3 meliai (Spider:4)
  32 jumping spiders
  7 polar bears
  A spectral tarantella (Spider:4)
  4 tyrant leeches
  13 blink frogs (Lair:6)
  A tarantella zombie (Spider:4)
  34 hornets
  A wind drake (shapeshifter) (Vaults:5)
  A raiju (shapeshifter) (Depths:3)
  2 spectral jumping spiders (Spider:4)
  A jumping spider zombie (Spider:4)
  A hippogriff (shapeshifter) (Depths:5)
  6 dream sheep (Lair:4)
  A human simulacrum (Vaults:4)
  A stone giant simulacrum (Vaults:3)
  9 bog bodies
  8 hippogriffs
  A meliai zombie (D:15)
  77 redbacks
  29 spriggans
  A spriggan (shapeshifter) (Depths:3)
  3 shadows
  4 water elementals
  27 tarantellas
  5 wraiths
  The ghost of Gorglomux the Skirmisher, an amateur HOCj (D:3)
  A redback (shapeshifter) (Elf:2)
  7 wyverns
  12 air elementals
  A yak (shapeshifter) (D:14)
  A human (shapeshifter) (Vaults:2)
  18 yaks
  3 fire elementals
  5 steam dragons
  3 basilisks
  A hog (D:13)
  17 vampire mosquitoes
  5 fire bats (Lair:6)
  Eustachio (D:5)
  A hungry ghost (D:7)
  11 swamp worms
  12 wargs
  2 acid dragons
  22 soldier ants
  15 insubstantial wisps
  Duvessa (D:5)
  9 porcupines
  13 water moccasins
  53 orc warriors
  2 sky beasts
  An ice beast (D:10)
  6 swamp drakes
  An ettin simulacrum (Vaults:4)
  2 ice beasts (shapeshifter)
  5 black bears
  3 hornet zombies (Spider:4)
  An eye of draining (D:14)
  32 ogres
  24 wolves
  12 boggarts
  10 centaurs
  14 crocodiles
  Blork the orc (D:5)
  2 wyvern zombies (D:12)
  10 big kobolds
  21 bullfrogs
  2 gnoll sergeants
  A glowing shapeshifter simulacrum (Vaults:5)
  3 human skeletons (Vaults:4)
  4 earth elementals
  A wyvern skeleton (D:11)
  11 scorpions
  Dowan (D:5)
  30 killer bees
  A troll skeleton (Lab)
  10 wights
  3 electric eels
  A spriggan skeleton (Lab)
  3 crimson imps
  2 bullfrog zombies
  A lava snake (Lair:6)
  4 centaur zombies
  3 bullfrog skeletons
  3 human zombies
  3 quasits
  5 hounds
  3 jellies
  23 orc priests
  A gnoll shaman (D:7)
  38 orc wizards
  7 iguanas
  Ijyb (D:5)
  3 polar bear simulacra (Lair:2)
  A yak simulacrum (Lair:2)
  A lightning spire (Zot:1)
  34 worker ants
  3 wolf simulacra (Lair:2)
  A killer bee zombie (D:7)
  3 big kobold zombies (Ossuary)
  An ogre skeleton (Lab)
  3 mummies
  15 gnolls
  17 adders
  3 scorpion zombies (Ossuary)
  2 river rats (Sewer)
  2 shadow imps
  A white imp (Vaults:4)
  3 adder skeletons
  3 worms
  A dart slug (D:2)
  8 leopard geckos
  125 orcs
  2 bat zombies (D:4)
  6 giant cockroaches
  6 goblins
  7 hobgoblins
  7 jackals
  9 quokkas
  A ball python skeleton (D:4)
  3 bats
  A frilled lizard (D:2)
  2 gnoll zombies (Ossuary)
  A goblin zombie (Ossuary)
  3 hobgoblin zombies (Ossuary)
  36 kobolds
  2 kobold zombies
  4 orc zombies
  A quokka skeleton (D:4)
  10 rats
  A rat zombie (D:4)
  4 river rat simulacra (Lair:2)
  10 briar patches
  7 crawling corpses
  5 fungi
  3 plants
2340 creatures vanquished.

Vanquished Creatures (collateral kills)
  2 hydras
  A skeletal warrior (D:15)
  A moth of wrath (Zot:5)
  A basilisk (D:15)
  2 orcs (D:12)
7 creatures vanquished.

Vanquished Creatures (others)
  A shadow dragon (Vaults:3)
  A tengu reaver (Vaults:5)
  A vault warden (Vaults:1)
  A spriggan defender (Depths:4)
  A stone giant (Depths:3)
  5 yaktaur captains
  A hydra (Swamp:1)
  2 centaur warriors (Vaults:2)
  An ogre mage (Vaults:3)
  A deep elf knight (Vaults:1)
  2 deep elf archers
  An orb spider (Spider:4)
  22 yaktaurs
  A steam dragon (Swamp:4)
  An orc warrior (Orc:1)
  7 swamp drakes (Swamp:4)
  A boggart (Depths:4)
  An ogre (Vaults:1)
  A bullfrog (Lair:2)
  An orc wizard (Orc:2)
  A mummy (Ossuary)
  An orc (Vaults:3)
  A kobold (D:15)
  2 briar patches (Swamp:3)
  4 plants
62 creatures vanquished.

Grand Total: 2409 creatures vanquished

Notes
Turn   | Place    | Note
-------+----------+-------------------------------------------
     0 | D:1      | Gorglomux the Hill Orc Conjurer began the quest for the Orb.
     0 | D:1      | Reached XP level 1. HP: 14/14 MP: 3/3
   282 | D:1      | Reached skill level 1 in Fighting
   583 | D:1      | Reached XP level 2. HP: 23/24 MP: 0/4
   643 | D:1      | You fall through a shaft!
  1261 | D:2      | Reached skill level 3 in Fighting
  1261 | D:2      | Reached XP level 3. HP: 28/31 MP: 5/5
  1375 | D:2      | Found a white marble altar of Elyvilon.
  1747 | D:2      | Noticed Sigmund
  2288 | D:2      | Reached XP level 4. HP: 40/40 MP: 6/6
  2527 | D:3      | Noticed Gorglomux's ghost (amateur HOCj)
  2887 | D:3      | Found a glowing drain.
  2895 | D:3      | Learned a level 2 spell: Searing Ray
  2932 | D:3      | Reached XP level 5. HP: 14/48 MP: 7/7
  2960 | Sewer    | Entered a sewer
  2967 | Sewer    | HP: 2/48 [rat (2)]
  3059 | Sewer    | Noticed a big kobold
  3117 | Sewer    | Killed a big kobold
  3117 | Sewer    | Reached skill level 6 in Fighting
  3361 | Sewer    | Found a glowing silver altar of Zin.
  3616 | D:3      | Reached XP level 6. HP: 18/58 MP: 2/8
  4078 | D:3      | Killed Gorglomux's ghost
  4323 | D:3      | Found a blossoming altar of Fedhas.
  4664 | D:4      | Reached XP level 7. HP: 53/68 MP: 6/9
  5341 | D:4      | Reached skill level 9 in Fighting
  5545 | D:4      | Found an ancient bone altar of Kikubaaqudgha.
  5589 | D:5      | Entered Level 5 of the Dungeon
  5589 | D:5      | Noticed Ijyb
  5624 | D:5      | Killed Ijyb
  5655 | D:5      | Noticed Blork the orc
  5663 | D:5      | Killed Blork the orc
  5872 | D:5      | Noticed Eustachio
  5946 | D:5      | Reached XP level 8. HP: 11/80 MP: 6/10
  6329 | D:5      | Noticed Dowan
  6352 | D:5      | Killed Dowan
  6352 | D:5      | Reached skill level 1 in Armour
  6395 | D:5      | Killed Eustachio
  6395 | D:5      | Reached skill level 3 in Armour
  6543 | D:5      | Noticed Duvessa
  6627 | D:5      | Killed Duvessa
  7003 | D:5      | Found a bloodstained altar of Trog.
  7004 | D:5      | Found a stormy altar of Qazlal.
  7054 | D:5      | Found a shimmering altar of Xom.
  7055 | D:5      | Found a sacrificial altar of Ru.
  7649 | D:6      | Reached skill level 6 in Armour
  8364 | D:6      | Found a staircase to the Ecumenical Temple.
  8427 | Temple   | Entered the Ecumenical Temple
  8554 | Temple   | Became a worshipper of Warmaster Okawaru
  8616 | D:7      | Found a corrupted altar of Lugonu.
  8637 | D:7      | Reached XP level 9. HP: 69/86 MP: 9/11
  8949 | D:7      | Found an opulent altar of Gozag.
  8949 | D:7      | Found a hide-covered altar of Uskayaw.
  8949 | D:7      | Found a transporter.
  8950 | D:7      | Found a basalt altar of Yredelemnul.
  8952 | D:7      | Noticed a tengu warrior
  8998 | D:7      | Found a transporter.
  9024 | D:7      | Reached skill level 9 in Armour
  9260 | D:7      | Found a transporter.
  9307 | D:7      | Found a burning altar of Makhleb.
  9310 | D:7      | Noticed a green death
  9311 | D:7      | Found a glowing silver altar of Zin.
  9312 | D:7      | Noticed an angel
  9371 | D:7      | Reached * piety under Okawaru
 10352 | D:8      | Reached ** piety under Okawaru
 10388 | D:8      | Found a sand-covered staircase.
 10397 | Ossuary  | Entered an ossuary
 10727 | Ossuary  | Reached XP level 10. HP: 94/94 MP: 12/12
 11247 | D:8      | Noticed a two-headed ogre
 11297 | D:8      | Killed a two-headed ogre
 11297 | D:8      | Reached *** piety under Okawaru
 11297 | D:8      | Reached skill level 12 in Armour
 11746 | D:8      | Noticed a two-headed ogre
 11762 | D:8      | Killed a two-headed ogre
 12063 | D:9      | Reached skill level 6 in Axes
 12073 | D:9      | Reached **** piety under Okawaru
 12184 | D:9      | Found a shadowy altar of Dithmenos.
 12187 | D:9      | Found a deep blue altar of Sif Muna.
 12233 | D:9      | Noticed a two-headed ogre
 12285 | D:9      | Killed a two-headed ogre
 12474 | D:9      | Reached skill level 9 in Axes
 12548 | D:9      | Reached XP level 11. HP: 72/101 MP: 10/13
 13082 | D:10     | Entered Level 10 of the Dungeon
 13517 | D:10     | Reached ***** piety under Okawaru
 13553 | D:10     | Noticed a queen ant
 13576 | D:10     | Killed a queen ant
 13576 | D:10     | Reached skill level 12 in Axes
 13798 | D:10     | Reached skill level 1 in Invocations
 13964 | D:10     | Found a staircase to the Orcish Mines.
 13966 | D:10     | Found a staircase to the Lair.
 13987 | D:10     | Reached skill level 3 in Invocations
 13989 | D:10     | Received a gift from Okawaru
 14006 | D:10     | Got a slimy plate armour {god gift}
 14017 | D:10     | Identified the +0 plate armour of Adghony {god gift, rF+ rC- Str+4 SInv} (Okawaru gifted it to you on level 10 of the Dungeon)
 14232 | D:10     | Found a portal to a secret trove of treasure.
 14921 | D:11     | Noticed Urug
 14997 | D:10     | Noticed a two-headed ogre
 15005 | D:10     | Killed a two-headed ogre
 15088 | D:11     | Killed Urug
 15088 | D:11     | Reached skill level 6 in Invocations
 15088 | D:11     | Reached XP level 12. HP: 34/107 MP: 10/16
 15244 | D:11     | Found Qosmuasm's Gadget Boutique.
 15581 | D:11     | Noticed Sonja
 15587 | D:11     | Killed Sonja
 15687 | D:11     | Noticed a two-headed ogre
 15699 | D:11     | Killed a two-headed ogre
 16658 | D:12     | Reached skill level 15 in Axes
 16658 | D:12     | Reached skill level 9 in Invocations
 16724 | D:12     | Reached skill level 1 in Evocations
 16821 | D:12     | Found Fulology's Jewellery Emporium.
 16824 | D:12     | Bought an uncursed ring of poison resistance for 280 gold pieces
 16893 | D:12     | Noticed Harold
 16915 | D:12     | Killed Harold
 17017 | D:12     | Noticed a four-headed hydra
 17030 | D:12     | Killed a four-headed hydra
 17030 | D:12     | Received a gift from Okawaru
 17031 | D:12     | Found the +15 Maxwell's patent armour {god gift, -Cast -Tele rElec MR+ rCorr}
 17216 | D:12     | Noticed Nergalle
 17224 | D:12     | Reached skill level 3 in Evocations
 17231 | D:12     | Killed Nergalle
 17386 | Lair:1   | Entered Level 1 of the Lair of Beasts
 17955 | Lair:1   | Reached XP level 13. HP: 114/114 MP: 19/19
 18242 | Lair:1   | Reached skill level 6 in Evocations
 19110 | Lair:2   | Found a hole to the Spider Nest.
 19754 | Lair:3   | Found a staircase to the Swamp.
 19762 | Lair:3   | Noticed Rupert
 19803 | Lair:3   | Killed Rupert
 19803 | Lair:3   | Received a gift from Okawaru
 19803 | Lair:3   | Reached skill level 9 in Evocations
 20580 | Lair:4   | Identified the Volume of Heat and Translocation
 21780 | Lair:5   | Reached XP level 14. HP: 96/122 MP: 19/22
 21784 | Lair:5   | Reached skill level 12 in Evocations
 22070 | Lair:6   | Entered Level 6 of the Lair of Beasts
 22283 | Lair:6   | Found a staircase to the Slime Pits.
 22299 | Lair:6   | Reached ****** piety under Okawaru
 22584 | Lair:6   | Got a pitted brass amulet
 22585 | Lair:6   | Identified the amulet "Guuthra" {Harm *Drain Slay+3} (You found it on level 6 of the Lair of Beasts)
 22647 | Lair:6   | Received a gift from Okawaru
 23617 | Lair:6   | Reached skill level 1 in Shields
 23638 | Lair:6   | Reached skill level 2 in Shields
 23882 | Lair:6   | Reached skill level 3 in Shields
 24398 | D:13     | Noticed Nessos
 24401 | D:13     | Received a gift from Okawaru
 24425 | D:13     | Killed Nessos
 24425 | D:13     | Reached skill level 4 in Shields
 24425 | D:13     | Reached XP level 15. HP: 125/130 MP: 25/25
 24656 | D:13     | Noticed Kirke
 24678 | D:13     | Reached skill level 5 in Shields
 24698 | D:13     | Killed Kirke
 24933 | D:13     | Reached skill level 12 in Fighting
 24933 | D:13     | Reached skill level 6 in Shields
 24945 | D:13     | Found a gate to the Vaults.
 25322 | D:14     | Reached skill level 7 in Shields
 25825 | D:14     | Found a snail-covered altar of Cheibriados.
 25968 | D:15     | Entered Level 15 of the Dungeon
 26003 | D:15     | Received a gift from Okawaru
 26107 | D:15     | Reached skill level 8 in Shields
 26712 | D:15     | Reached skill level 9 in Shields
 26888 | D:15     | Found a staircase to the Depths.
 27176 | D:15     | Reached XP level 16. HP: 112/146 MP: 26/26
 27420 | Orc:1    | Entered Level 1 of the Orcish Mines
 27445 | Orc:1    | Reached skill level 10 in Shields
 27518 | Orc:1    | Received a gift from Okawaru
 28000 | Orc:2    | Entered Level 2 of the Orcish Mines
 28026 | Orc:2    | Found Senax Wes's Quality Used Wands.
 28057 | Orc:2    | Found a labyrinth entrance.
 28103 | Lab      | Entered a labyrinth
 29095 | Orc:2    | Reached skill level 15 in Fighting
 29098 | Orc:2    | Found Poero's Gadget Shoppe.
 29098 | Orc:2    | Found Uzaucir's Food Shop.
 29108 | Orc:2    | Reached skill level 11 in Shields
 29243 | Orc:2    | Found a roughly hewn altar of Beogh.
 29425 | Orc:2    | Found Reiv's Assorted Antiques.
 29465 | Orc:2    | Bought an orange potion for 18 gold pieces
 29465 | Orc:2    | Bought a scroll of identify for 42 gold pieces
 29465 | Orc:2    | Bought a scroll of identify for 42 gold pieces
 29471 | Orc:2    | Found Hereont's Magic Scroll Shoppe.
 29472 | Orc:2    | Reached XP level 17. HP: 161/161 MP: 27/27
 29498 | Orc:2    | Bought a scroll of holy word for 105 gold pieces
 29498 | Orc:2    | Bought a scroll of blinking for 105 gold pieces
 29498 | Orc:2    | Bought a scroll of enchant armour for 105 gold pieces
 29498 | Orc:2    | Bought a scroll of teleportation for 42 gold pieces
 29522 | Orc:2    | Found a staircase to the Elven Halls.
 30033 | Spider:1 | Entered Level 1 of the Spider Nest
 30653 | Spider:1 | Noticed Donald
 30684 | Spider:1 | Killed Donald
 30684 | Spider:1 | Received a gift from Okawaru
 30684 | Spider:1 | Reached skill level 18 in Fighting
 31154 | Spider:1 | Reached skill level 12 in Shields
 32718 | Spider:3 | Found a transporter.
 33311 | Spider:3 | Reached skill level 13 in Shields
 33356 | Spider:3 | Reached XP level 18. HP: 59/178 MP: 0/28
 34143 | Spider:3 | Found a transporter.
 34318 | Spider:3 | Noticed Arachne
 34352 | Spider:3 | Killed Arachne
 34418 | Spider:4 | Entered Level 4 of the Spider Nest
 34475 | Spider:4 | Received a gift from Okawaru
 34641 | Spider:4 | Reached skill level 14 in Shields
 35127 | Spider:4 | Identified the cursed +1 ring mail of Qihorr {Str-2 Int+4 Dex+5} (You found it on level 4 of the Spider Nest)
 35944 | Elf:1    | Entered Level 1 of the Elven Halls
 36142 | Elf:1    | Reached skill level 21 in Fighting
 36491 | Elf:1    | Reached skill level 15 in Shields
 37451 | Elf:2    | Found Yduogre's Armour Shop.
 37678 | Elf:2    | Reached XP level 19. HP: 180/189 MP: 29/29
 37965 | Elf:2    | Found a huge runed gate.
 37965 | Elf:2    | Found a huge runed gate.
 37966 | Elf:2    | Found a huge runed gate.
 37967 | Elf:2    | Found a huge runed gate.
 37973 | Elf:2    | Found a huge runed gate.
 38653 | Elf:2    | Received a gift from Okawaru
 38669 | Elf:2    | Got a brightly glowing broad axe {god gift}
 38670 | Elf:2    | Identified the +5 broad axe "Xotrepn" {god gift, holy, *Noise Str+4 Stlth+} (Okawaru gifted it to you on level 2 of the Elven Halls)
 39523 | Elf:2    | Reached skill level 15 in Armour
 40124 | Spider:4 | Reached skill level 16 in Shields
 40188 | Spider:4 | Received a gift from Okawaru
 41006 | Spider:4 | Got a gossamer rune of Zot
 41504 | Swamp:1  | Entered Level 1 of the Swamp
 41549 | Swamp:1  | Noticed Josephine
 41565 | Swamp:1  | Killed Josephine
 41653 | Swamp:1  | Reached skill level 17 in Shields
 41997 | Swamp:1  | Noticed Louise
 42022 | Swamp:1  | Killed Louise
 42377 | Swamp:1  | Reached XP level 20. HP: 184/198 MP: 30/30
 42620 | Swamp:2  | Noticed Aizul
 42642 | Swamp:2  | Killed Aizul
 43496 | Swamp:3  | Noticed Bai Suzhen
 43517 | Swamp:3  | Killed Bai Suzhen
 43517 | Swamp:3  | Received a gift from Okawaru
 43520 | Swamp:3  | Got an ichor-stained large shield {god gift}
 43531 | Swamp:3  | Identified the +7 large shield "Zenuid" {god gift, rPois rF+} (Okawaru gifted it to you on level 3 of the Swamp)
 44226 | Swamp:4  | Entered Level 4 of the Swamp
 44946 | Swamp:4  | Got a decaying rune of Zot
 45449 | Swamp:4  | Reached skill level 18 in Axes
 45732 | Vaults:1 | Entered Level 1 of the Vaults
 45929 | Vaults:1 | Received a gift from Okawaru
 46065 | Vaults:1 | Reached skill level 18 in Armour
 46375 | Vaults:1 | Noticed Jorgrun
 46379 | Vaults:1 | Reached XP level 21. HP: 161/204 MP: 31/31
 46391 | Vaults:1 | Killed Jorgrun
 46594 | Vaults:1 | Identified a scroll of acquirement
 46719 | Vaults:1 | Reached skill level 18 in Shields
 47721 | Vaults:2 | Received a gift from Okawaru
 47724 | Vaults:2 | Got a twisted shield {god gift}
 47735 | Vaults:2 | Identified the +0 shield "Sanlum Mybbu" {god gift, rC- Dex+7} (Okawaru gifted it to you on level 2 of the Vaults)
 47750 | Vaults:2 | Found a staircase to the Crypt.
 48245 | Vaults:2 | Reached skill level 19 in Shields
 48992 | Vaults:3 | Reached XP level 22. HP: 193/213 MP: 32/32
 49134 | Vaults:3 | Found a flickering gateway to a bazaar.
 49223 | Bazaar   | Entered a bazaar
 49237 | Bazaar   | Found Tucyiqam's Armour Shoppe.
 49237 | Bazaar   | Found Lynu's Book Emporium.
 49241 | Bazaar   | Bought a manual of Shields for 1766 gold pieces
 49569 | Vaults:3 | Received a gift from Okawaru
 49605 | Vaults:3 | Reached skill level 20 in Shields
 50394 | Vaults:3 | Found Ozoid's Assorted Antiques.
 50402 | Vaults:3 | Bought a scroll of blinking for 247 gold pieces
 50537 | Vaults:3 | Received a gift from Okawaru
 50770 | Vaults:4 | Reached skill level 21 in Shields
 50876 | Vaults:4 | Reached skill level 21 in Armour
 50981 | Vaults:4 | Received a gift from Okawaru
 51275 | Vaults:4 | Reached skill level 22 in Shields
 51581 | Vaults:4 | Found a radiant altar of Vehumet.
 51590 | Vaults:4 | Reached XP level 23. HP: 194/220 MP: 33/33
 51594 | Vaults:4 | Identified the cursed +0 hat of Dusixy {rN+ Int+4 Dex+3} (You found it on level 4 of the Vaults)
 51613 | Vaults:4 | Identified the +0 hat of the Hart {rF- rC+ Regen+ MP+9 Str-3} (You found it on level 4 of the Vaults)
 51940 | Vaults:4 | Received a gift from Okawaru
 52679 | Depths:1 | Entered Level 1 of the Depths
 53309 | Depths:1 | Found a one-way gate to the infinite horrors of the Abyss.
 53586 | Depths:1 | Found a gateway to Hell.
 53666 | Depths:1 | Reached skill level 23 in Shields
 54181 | Depths:2 | Noticed Asterion
 54183 | Depths:2 | Received a gift from Okawaru
 54206 | Depths:2 | Killed Asterion
 54268 | Depths:2 | Noticed a golden dragon
 54273 | Depths:2 | Found Gozag's Antique Armour Shoppe.
 54291 | Depths:2 | Killed a golden dragon
 54313 | Depths:2 | Found an opulent altar of Gozag.
 54313 | Depths:2 | Found Gozag's Assorted Antiques.
 54419 | Depths:2 | Found Gozag's Antique Weapon Shoppe.
 54857 | Depths:2 | Reached XP level 24. HP: 228/228 MP: 32/33
 55793 | Depths:3 | Reached skill level 3 in Dodging
 55880 | Depths:3 | Noticed Frederick
 55891 | Depths:3 | Killed Frederick
 56252 | Depths:3 | Found a one-way gate leading to the halls of Pandemonium.
 56283 | Depths:3 | Identified the amulet "Zip Jyod" {Gourm rPois rC+ MP-9 Str+6} (You found it on level 3 of the Depths)
 56666 | Depths:3 | Noticed a juggernaut
 56685 | Depths:3 | Killed a juggernaut
 56685 | Depths:3 | Reached skill level 24 in Shields
 56711 | Depths:4 | Received a gift from Okawaru
 56752 | Depths:4 | Identified the +2 pair of gloves "Haraufu" {god gift, Regen+ Int+2} (Okawaru gifted it to you on level 4 of the Depths)
 57043 | Depths:4 | Reached skill level 12 in Invocations
 57065 | Depths:4 | Got a fine emerald amulet
 57255 | Depths:4 | Noticed a juggernaut
 57263 | Depths:4 | Reached skill level 6 in Dodging
 57284 | Depths:4 | Killed a juggernaut
 57291 | Depths:4 | Noticed a juggernaut
 57293 | Depths:4 | Noticed an ancient lich
 57311 | Depths:4 | Killed a juggernaut
 57311 | Depths:4 | Reached XP level 25. HP: 200/235 MP: 31/33
 57339 | Depths:4 | Received a gift from Okawaru
 57351 | Depths:4 | Killed an ancient lich
 57516 | Depths:4 | Identified the amulet "Geomoag" {RegenMP rN++ MP+9 SInv} (You took it off a spriggan on level 4 of the Depths)
 58206 | Depths:5 | Entered Level 5 of the Depths
 58297 | Depths:5 | Reached skill level 25 in Shields
 58757 | Depths:5 | Reached skill level 15 in Invocations
 58790 | Depths:5 | Found a gateway to a ziggurat.
 58968 | Depths:5 | Received a gift from Okawaru
 59078 | Depths:5 | Noticed Jory
 59089 | Depths:5 | Killed Jory
 59108 | Depths:5 | Reached skill level 9 in Dodging
 59163 | Depths:5 | Found a gate to the Realm of Zot.
 60250 | Vaults:5 | Entered Level 5 of the Vaults
 60300 | Vaults:5 | Reached XP level 26. HP: 244/244 MP: 32/35
 60320 | Vaults:5 | Received a gift from Okawaru
 60671 | Vaults:5 | Received a gift from Okawaru
 60892 | Vaults:5 | Identified the Tome of the Volcano
 60960 | Vaults:5 | Found the +3 crown of Dyrovepreva {rElec Int+2 SInv}
 60964 | Vaults:5 | Identified the Incunabulum of Creative Venom
 61260 | Vaults:5 | Reached skill level 18 in Invocations
 61652 | Vaults:5 | Got a silver rune of Zot
 61906 | Vaults:5 | Reached XP level 27. HP: 221/250 MP: 36/36
 62190 | Vaults:5 | Reached skill level 12 in Dodging
 62201 | Vaults:5 | Identified the Grimoire of the Frostbite and Malediction
 62821 | Zot:1    | Entered Level 1 of the Realm of Zot
 63007 | Zot:1    | Got a jewelled battleaxe
 63008 | Zot:1    | Identified the +8 battleaxe of Valiance {vamp, rElec rC- Dex+3 SInv} (You acquired it on level 1 of the Realm of Zot)
 63385 | Zot:1    | Reached skill level 21 in Invocations
 63656 | Zot:5    | Entered Level 5 of the Realm of Zot
 63749 | Zot:5    | Received a gift from Okawaru
 63997 | Zot:5    | Noticed an ancient lich
 64001 | Zot:5    | Noticed an orb of fire
 64022 | Zot:5    | Gained mutation: You do not regenerate when monsters are visible. [an orb of fire]
 64026 | Zot:5    | Killed an ancient lich
 64026 | Zot:5    | Received a gift from Okawaru
 64062 | Zot:5    | Killed an orb of fire
 64064 | Zot:5    | Noticed an ancient lich
 64065 | Zot:5    | Noticed an orb of fire
 64079 | Zot:5    | Gained mutation: You are partially covered in thin metallic scales. (AC +2) [an orb of fire]
 64081 | Zot:5    | Killed an ancient lich
 64083 | Zot:5    | Noticed an ancient lich
 64112 | Zot:5    | Gained mutation: You are dopey. (Int -2) [an orb of fire]
 64114 | Zot:5    | Killed an orb of fire
 64123 | Zot:5    | Killed an ancient lich
 64261 | Zot:5    | Noticed an ancient lich
 64288 | Zot:5    | Killed an ancient lich
 64288 | Zot:5    | Reached skill level 24 in Invocations
 64404 | Zot:5    | Noticed an ancient lich
 64409 | Zot:5    | Noticed an ancient lich
 64412 | Zot:5    | Killed an ancient lich
 64444 | Zot:5    | HP: 12/250 [Executioner[an ancient lich] (19)]
 64448 | Zot:5    | Slain by a Hell Sentinel

Vault maps used:
D:1:      giann_bridges, minmay_tetromino_l2
D:2:      marbit_many_paths, first_bread, palyth_stone_intersect, uniq_sigmund
D:3:      gup_sewer_entry_glass, fedhas_altar_4
D:4:      lemuel_zombie_altar_kikubaaqudgha
D:5:      gammafunk_temple_overflow_pools, gammafunk_temple_overflow_statue,
          minmay_misc_feat_more_columns, uniq_eustachio, uniq_blork_the_orc,
          uniq_ijyb, uniq_duvessa
D:6:      minmay_temple_entry_butterflies
D:7:      gammafunk_corrupted_shrine, grunt_temple_overflow_order_and_chaos_2,
          gammafunk_temple_overflow_arena
D:8:      nicolae_ossuary_entry_giza, the_bakery, kennysheep_generic_room_14
D:9:      nicolae_overflow_hidden_temple
D:10:     david_lair_generic, orc_0_dummy, nicolae_trove_entry_free_sample,
          minivault_29
D:11:     serial_shops, kennysheep_little_box, serial_glass, glass_columns_a,
          glass_columns_c, glass_columns_c, glass_columns_b, feat_on_display,
          nrook_mini_backslash, uniq_sonja, uniq_urug
D:12:     serial_shops, nicolae_shop_window_shopping, uniq_nergalle, uniq_harold
D:13:     david_vaults_4, uniq_kirke, uniq_nessos
D:14:     cheibriados_altar_1, spider_trap
D:15:     grunt_enter_depths_magical_seal, minivault_14
Temple:   nicolae_temple_figure_zero
Lair:1:   beast_lair_carwin_6, lemuel_fruit_tree, grunt_megastairs_3,
          lemuel_fruit_fields, minmay_lair_oklob_chamber
Lair:2:   spider_nest_entry_rubble, columned_hall_lemuel, serial_bayou_ford_a,
          minivault_24, minivault_25, grunt_forest_small_clearings,
          eino_house_with_fridge
Lair:3:   swamp_mist_pool, st_stairs_7, uniq_rupert
Lair:4:   lemuel_fruit_fields, infiniplex_staircase_pool
Lair:5:   onia_ninara_swampy_vault, dpeg_oklob_1
Lair:6:   minmay_lair_end_enchanted_forest, minmay_slime_entry_pillars,
          minivault_19
Swamp:1:  evilmike_swamp_ruin_house_6, swamp_pool3, uniq_josephine, uniq_louise
Swamp:2:  evilmike_swamp_ruin_rubble_1, uniq_aizul
Swamp:3:  evilmike_swamp_ruin_rubble_2, swamp_pool1, uniq_bai_suzhen
Swamp:4:  swamp_fiery
Spider:1: uniq_donald
Spider:3: gammafunk_its_a_trap, guppyfry_spider_mini_3, uniq_arachne
Spider:4: floodkiller_spider_rune_tomb, special_room
Orc:2:    st_orc_town, lab_entry_generic, nicolae_for_you_no_charge
Elf:1:    eino_elf_arrival_shootout, evilmike_minifort, grunt_megastairs_2
Elf:2:    serial_shops, shop
Vaults:1: nicolae_vaults_what_the_h, v_misc_29, ontoclasm_vaults_pinch,
          vaults_mumra_minichess, nicolae_vaults_asterisk,
          nicolae_vaults_disjoint_gnomons, vaults_mumra_lcd,
          nicolae_vaults_little_squares_5, grunt_vaults_funnel,
          vaults_dpeg_hooks, ontoclasm_vaults_tryst, st_lattice, v_misc_10,
          uniq_jorgrun
Vaults:2: v_misc_26, minmay_crypt_entry_simple_box, v_misc_14, v_misc_15,
          v_pattern_2, nicolae_vaults_network_quinsquares,
          vaults_room_door_ring, vaults_dpeg_encased_lava, vaults_dpeg_ring
Vaults:3: v_misc_12, dpeg_vaults_monster_row, nicolae_vaults_alarming,
          ontoclasm_vaults_bender, vaults_dpeg_diagonal, vaults_room_pool,
          hangedman_vaults_trim, vaults_room_mumra_shop_pool,
          hangedman_vaults_restitches, hangedman_vaults_restitches,
          special_room_vaults, nicolae_vaults_shelves_hall,
          grunt_vaults_diagonal, serial_shops, bzr_entry_dummy
Vaults:4: vaults_mumra_hexcomb, serial_ice_g, grunt_tower_of_power,
          hangedman_vaults_corner_blocks, hangedman_vaults_pinch,
          vaults_room_stairs_pillars, v_pattern_1, vaults_standard_mumra_lines,
          v_misc_26, ontoclasm_vaults_shuriken, grunt_vaults_bifocal,
          hangedman_vaults_maws, vaults_dpeg_cross
Vaults:5: serial_shops
Depths:1: abyss_entry, pf_vacation_house_of_asmodeus, minmay_crystal_room,
          minmay_splitting_lines, spider_trap, lemuel_flamethrower_2
Depths:2: kennysheep_gozag_temple, hell_entry, infiniplex_staircase_zigzag_4,
          uniq_asterion
Depths:3: impenetrable_vault, lightli_too_deep, pan_entry, minmay_holes,
          kennysheep_small_square, grunt_megastairs_4, uniq_frederick
Depths:4: grunt_runaround, abyss_entry, hell_entry
Depths:5: grunt_zot_entry_bicorn, enter_ziggurat_c, hangedman_coc_ice_floe,
          serial_bayou_pond_c, uniq_jory
Zot:1:    grunt_zot_stairs_overgrown, amethyst_zot_foddershock
Zot:2:    bh_zot_ikea_curve
Lab:      nicolae_lab_plus, nicolae_lab_grate, nicolae_lab_checkerboard,
          nicolae_lab_arrow, nicolae_lab_diamond, labyrinth_skeletal_remains
Bazaar:   bazaar_short_row
Sewer:    sewer_kobolds
Ossuary:  ossuary_minmay_scorpions

Skill      XL: |  1  2  3  4  5  6  7  8  9 10 11 12 13 14 15 16 17 18 19 20 21 22 23 24 25 26 27 |
---------------+----------------------------------------------------------------------------------+-----
Fighting       | 1 3 4 5 6 8 10 11 14 17 19 21 | 21.0
Armour         | 7 11 12 13 16 18 20 21 22 | 22.9
Axes           | 9 13 16 18 | 18.0
Invocations    | 6 9 13 16 18 24 | 24.2
Evocations     | 5 11 14 | 14.6
Shields        | 4 9 11 13 15 17 19 22 23 24 25 | 25.8
Dodging        | 6 9 11 12 | 12.0
Stealth        | |  1.5
Spellcasting   | |  1.5
Conjurations   | |  4.0

Action                   |  1- 3 |  4- 6 |  7- 9 | 10-12 | 13-15 | 16-18 | 19-21 | 22-24 | 25-27 || total
-------------------------+-------+-------+-------+-------+-------+-------+-------+-------+-------++-------
Melee: Dagger            |   147 |     4 |       |       |       |       |       |       |       ||   151
       Mace              |       |   116 |   207 |       |       |       |       |       |       ||   323
       War axe           |       |       |   352 |  1002 |  1180 |  1966 |    90 |       |       ||  4590
       Punch             |       |       |       |     6 |       |       |       |       |       ||     6
       Battleaxe         |       |       |       |       |   499 |       |    79 |       |       ||   578
       Broad axe         |       |       |       |       |       |       |  1468 |  1777 |  1944 ||  5189
       Hand axe          |       |       |       |       |       |       |    69 |       |       ||    69
       Morningstar       |       |       |       |       |       |       |    60 |       |       ||    60
 Cast: Magic Dart        |    44 |    26 |    25 |     2 |       |       |       |       |       ||    97
       Searing Ray       |       |     5 |    13 |     5 |       |       |       |       |       ||    23
Invok: Heroism           |       |       |     1 |    22 |    16 |    24 |    19 |    19 |    16 ||   117
       Finesse           |       |       |       |     1 |     7 |    10 |     8 |     8 |     9 ||    43
Evoke: Lightning rod     |       |       |       |     4 |    15 |     8 |     8 |     5 |       ||    40
       Phantom mirror    |       |       |       |     1 |       |       |       |       |       ||     1
       Wand              |       |       |       |       |     9 |     3 |     2 |     2 |     1 ||    17
       Box of beasts     |       |       |       |       |       |       |       |       |     2 ||     2
  Use: Potion            |     2 |     5 |       |       |       |     1 |     2 |       |     7 ||    17
       Scroll            |       |     2 |    15 |     9 |    12 |    13 |    11 |     8 |    14 ||    84
 Stab: Sleeping          |       |       |     1 |       |       |       |       |       |       ||     1
       Paralysed         |       |       |       |       |    61 |     6 |     4 |       |       ||    71
       Distracted        |       |       |       |       |       |       |     1 |       |     2 ||     3
  Eat: Chunk             |     5 |     9 |    21 |    23 |    31 |    27 |    27 |    28 |    13 ||   184
       Bread ration      |       |       |     1 |       |       |       |       |       |       ||     1
       Fruit             |       |       |       |     3 |       |       |       |       |       ||     3
       Meat ration       |       |       |       |       |       |     1 |     1 |       |     3 ||     5
       Royal jelly       |       |       |       |       |       |     2 |     3 |       |       ||     5
Armor: Robe              |    42 |    14 |       |       |       |       |       |       |       ||    56
       Skin              |     6 |       |       |       |       |       |       |       |       ||     6
       Ring mail         |       |    40 |   249 |       |       |       |       |       |       ||   289
       Scale mail        |       |       |    98 |   557 |       |       |       |       |       ||   655
       Plate armour      |       |       |       |    91 |  1474 |  1388 |   991 |   466 |   569 ||  4979
Dodge: Dodged            |    94 |   125 |   429 |   536 |   410 |   404 |   283 |   177 |   330 ||  2788
Block: Other             |       |       |   217 |    82 |       |       |    32 |       |       ||   331
       Reflection        |       |       |     4 |       |       |    16 |   111 |   138 |    78 ||   347
       Shield            |       |       |       |       |   362 |  1176 |   467 |       |       ||  2005
       Large shield      |       |       |       |       |       |       |  1577 |  2296 |  2135 ||  6008
